 Dungeon Crawl Stone Soup version 0.22-a0-469-gf26638a (webtiles) character file.

347 4thArraOfDagon the Digger (level 6, 0/42 HPs)
             Began as a Spriggan Earth Elementalist on June 12, 2018.
             Slain by a big kobold (4 damage)
             ... on level 7 of the Dungeon.
             The game lasted 00:04:18 (736 turns).

4thArraOfDagon the Digger (SpEE)                     Turns: 736, Time: 00:04:19

Health: 0/42       AC: 23    Str:  4    XL:     6   Next: 33%
Magic:  3/14       EV:  4    Int: 18    God:
Gold:   49         SH:  0    Dex: 17    Spells: 14/15 levels left

rFire    . . .     SeeInvis +   (weapon restricted)
rCold    . . .     Gourm    .   (shield restricted)
rNeg     + + +     Faith    .   (armour currently unavailable)
rPois    +         Spirit   .   (helmet currently unavailable)
rElec    .         Reflect  .   (cloak currently unavailable)
rCorr    .         Harm     .   (gloves unavailable)
MR       +....     NoTele   +   (boots unavailable)
Stlth    ++........             (no amulet)
HPRegen  0.14/turn              (no ring)
MPRegen  0.14/turn              (no ring)

@: tree-form
A: very small, unfitting armour, see invisible, herbivore, slow metabolism 2
a: no special abilities


You were on level 7 of the Dungeon.
You were not hungry.
You were a tree.
You visited 1 branch of the dungeon, and saw 6 of its levels.

You collected 49 gold pieces.

Inventory:

Missiles
 b - 74 stones (quivered)
Armour
 c - a +0 robe (melded)
 g - a +1 cloak (melded)
Scrolls
 h - 2 scrolls of identify
Potions
 f - 3 potions of resistance
Comestibles
 d - 2 rations


   Skills:
 - Level 3.0 Dodging
 - Level 3.0 Stealth
 + Level 5.2 Spellcasting
   Level 1.3 Transmutations
 * Level 5.5 Earth Magic


You had 14 spell levels left.
You knew the following spells:

 Your Spells              Type           Power        Failure   Level  Hunger
a - Sandblast             Erth           ###...       1%          1    None

Your spell library contained the following spells:

 Spells                   Type           Power        Failure   Level  Hunger
 Stone Arrow              Conj/Erth      ##....       12%         3    ##.....
 Passwall                 Tmut/Erth      ###.....     4%          2    #......
 Lee's Rapid Deconstruct  Erth           ###.......   36%         5    ######.
 Petrify                  Tmut/Erth      ###.....     30%         4    ####...


Dungeon Overview and Level Annotations

Branches:
Dungeon (7/15)
 Temple: D:4-7

Altars:

Shops:
D:5 ?

Annotations:
D:5 PeterMcNeter's ghost, amateur DsNe
D:7 Duvessa; Menkaure


Innate Abilities, Weirdness & Mutations

You are very small and have problems with some larger weapons.
You are too small for most types of armour.
You have supernaturally acute eyesight. (SInv)
You are a herbivore.
((You cover ground extremely quickly.))
You need to consume almost no food.


Message History

* * * LOW HITPOINT WARNING * * *
Unknown command.
You barely miss the big kobold.
The big kobold is almost dead.
The big kobold hits you but does no damage. x2
You smack the big kobold!
You kill the big kobold!
The big kobold hits you but does no damage.
You hit the big kobold.
The big kobold is lightly wounded.
The kobold hits you but does no damage.
The big kobold hits you but does no damage.
You hit the big kobold.
The big kobold is moderately wounded.
The kobold hits you but does no damage.
The big kobold hits you but does no damage.
You closely miss the big kobold.
The big kobold is moderately wounded.
The kobold hits you but does no damage. The big kobold hits you.
You die...

####### ##KK♣KK#
####...#
#.K###K# #....#M
#)#....# #.#.#.
.......K.#.#
..#..
#.#####.e##K#
....###..#####K.
#h# ........#..
..K# #.#
....##....
###e###o##
..#....#
###..K.K.K##.


You could see a big kobold and 5 kobolds.

Vanquished Creatures
  An ogre (D:6)
  A big kobold (D:7)
  A bullfrog (D:7)
  Dowan (D:7)
  An orc priest (D:5)
  A centaur skeleton (D:7)
  An adder (D:5)
  An adder zombie (D:6)
  3 orcs
  A giant cockroach (D:6)
  A hobgoblin (D:2)
  A jackal (D:6)
  4 kobolds
  A bat (D:1)
19 creatures vanquished.

Notes
Turn   | Place    | Note
-------+----------+-------------------------------------------
     0 | D:1      | 4thArraOfDagon the Spriggan Earth Elementalist began the quest for the Orb.
     0 | D:1      | Reached XP level 1. HP: 9/9 MP: 5/5
   218 | D:3      | You fall through a shaft for 3 floors!
   240 | D:5      | Entered Level 5 of the Dungeon
   251 | D:5      | Found Adeff's Magic Scroll Shoppe.
   260 | D:5      | Noticed PeterMcNeter's ghost (amateur DsNe)
   272 | D:5      | Reached XP level 2. HP: 12/13 MP: 4/7
   317 | D:5      | Reached XP level 3. HP: 16/16 MP: 6/9
   348 | D:5      | Noticed a gnoll sergeant
   531 | D:6      | Noticed an ogre
   536 | D:6      | Noticed a centaur
   585 | D:6      | Noticed a phantom
   613 | D:6      | Killed an ogre
   613 | D:6      | Reached XP level 4. HP: 15/21 MP: 1/11
   613 | D:6      | Reached XP level 5. HP: 18/24 MP: 1/12
   617 | D:6      | Noticed an ogre
   663 | D:7      | Reached skill level 5 in Earth Magic
   669 | D:7      | Noticed Menkaure
   682 | D:7      | Noticed Duvessa
   682 | D:7      | Noticed a black bear
   685 | D:7      | Noticed Dowan
   713 | D:7      | HP: 1/36 [Dowan/puff of frost (12)]
   716 | D:7      | Killed Dowan
   716 | D:7      | Reached skill level 5 in Spellcasting
   716 | D:7      | Reached XP level 6. HP: 2/28 MP: 0/14
   736 | D:7      | Slain by a big kobold

Vault maps used:
D:1:      minmay_arrival_semitransparent
D:2:      first_ration, st_stairs_1
D:3:      kennysheep_the_goblin_king, uniq_ijyb
D:5:      minmay_temple_entry_fiery, basic_altar, serial_shops, shop
D:6:      serial_shops, shop
D:7:      nicolae_ossuary_entry_ruins, uniq_duvessa, uniq_menkaure

Skill      XL: |  1  2  3  4  5 |
---------------+----------------+-----
Spellcasting   | 3 4 5 |  5.2
Earth Magic    | 3 4 5 |  5.5
Dodging        | |  3.0
Stealth        | |  3.0
Transmutations | |  1.3

Action                   |  1- 3 |  4- 6 || total
-------------------------+-------+-------++-------
Melee: Unarmed           |       |    28 ||    28
 Cast: Sandblast         |    20 |    11 ||    31
  Use: Scroll            |     7 |       ||     7
       Potion            |       |     1 ||     1
Armor: Robe              |     1 |     2 ||     3
       Skin              |       |    37 ||    37
Dodge: Dodged            |    19 |    17 ||    36

Table legend:
 A = Spawn XP
 B = Non-spawn XP
 C = Spawn XP percentage of total XP
 D = Spawn monster count
 E = Non-spawn monster count
 F = Spawn count percentage of total count
 G = Total turns spent on level
                    A         B        C        D         E        F      G
               +---------+---------+-------+---------+---------+-------+---------
         Total |       0 |     497 |   0.0 |       0 |      19 |   0.0 |   736
               +---------+---------+-------+---------+---------+-------+---------
           D:1 |       0 |       1 |   0.0 |       0 |       1 |   0.0 |   130
           D:2 |       0 |       4 |   0.0 |       0 |       2 |   0.0 |    77
           D:5 |       0 |      57 |   0.0 |       0 |       3 |   0.0 |   205
           D:6 |       0 |     134 |   0.0 |       0 |       5 |   0.0 |   232
           D:7 |       0 |     301 |   0.0 |       0 |       8 |   0.0 |    81
               +---------+---------+-------+---------+---------+-------+---------
